Map: Nightshade LE

Players

antagomiR - Winner!

  • Race: Protoss Protoss
  • League: Gold
  • Spawn Location: 11:00

jalo

  • Race: Terran Terran
  • League: Gold
  • Spawn Location: 5:00

VOD

Have the link to the VOD?

Description

Time

  • Played on: April 19, 2020, 3:23 p.m.
  • Length: 15:22
Show
View Real Time Build Order
Export as new Build Order

antagomiR Protoss - Winner!

Build Orders:  

Get SALT Encoding   

  12  0:03  Probe  
  13  0:16  Probe  
  13  0:18  Pylon  
  14  0:28  Probe  
  15  0:36  Gateway  
  15  0:40  Probe (Chrono Boost)  
  16  0:52  Probe (Chrono Boost)  
  16  0:54  Assimilator  
  17  0:57  Probe (Chrono Boost)  
  18  1:07  Probe  
  18  1:09  Assimilator  
  19  1:19  Probe  
  20  1:28  Cybernetics Core  
  20  1:31  Probe  
  20  1:32  Pylon  
  21  1:43  Probe  
  22  1:55  Probe  
  23  2:03  Warp Gate (Chrono Boost)  
  23  2:11  Probe, Robotics Facility  
  23  2:13  Adept  
  26  2:23  Probe  
  27  2:33  Nexus  
  27  2:39  Probe  
  28  2:46  Pylon  
  28  2:51  Probe  
  30  2:58  Observer  
  30  3:03  Probe  
  30  3:04  Stalker  
  33  3:15  Probe  
  35  3:20  Observer  
  35  3:22  Pylon  
  35  3:27  Probe  
  36  3:39  Probe  
  41  3:41  Immortal  
  41  3:52  Probe, Sentry  
  44  4:04  Probe  
  45  4:15  Pylon  
  45  4:20  Probe x2  
  47  4:29  Stalker  
  48  4:32  Probe x2  
  48  4:37  Gateway  
  50  4:39  Gateway  
  50  4:42  Robotics Bay  
  50  4:43  Immortal  
  50  4:44  Probe  
  55  4:52  Probe  
  56  4:56  Probe  
  57  5:01  Stalker  
  57  5:04  Probe  
  60  5:08  Probe  
  60  5:13  Pylon  
  61  5:16  Probe, Pylon  
  62  5:31  Probe  
  61  5:40  Probe  
  62  5:43  Probe  
  59  5:52  Probe  
  59  5:53  Stalker x3  
  66  6:05  Forge  
  66  6:09  Assimilator  
  66  6:11  Assimilator  
  66  6:15  Probe x2  
  66  6:16  Pylon, Nexus  
  66  6:18  Pylon  
  68  6:20  Colossus  
  74  6:27  Probe x2  
  76  6:39  Probe  
  69  6:54  Probe x2  
  71  7:06  Probe x2  
  69  7:08  Pylon  
  69  7:11  Protoss Ground Weapons Level 1 (Chrono Boost)  
  67  7:18  Probe x2  
  67  7:19  Extended Thermal Lance (Chrono Boost), Colossus  
  75  7:29  Twilight Council  
  75  7:30  Probe  
  75  7:32  Zealot x2  
  75  7:33  Pylon, Zealot  
  75  7:34  Pylon  
  75  7:36  Pylon  
  82  7:52  Gateway  
  82  7:53  Gateway  
  82  7:54  Gateway  
  82  8:00  Gateway  
  82  8:01  Gateway  
  82  8:03  Gateway  
  82  8:04  Probe x3  
  85  8:07  Gateway  
  85  8:15  Assimilator  
  85  8:16  Probe x2  
  85  8:17  Assimilator  
  87  8:22  Pylon  
  87  8:26  Shield Battery  
  87  8:27  Shield Battery  
  87  8:28  Photon Cannon  
  87  8:31  Shield Battery, Photon Cannon  
  87  8:35  Blink (Chrono Boost)  
  87  8:39  Probe  
  88  8:52  Photon Cannon  
  88  8:54  Probe x3, Photon Cannon  
  91  9:00  Sentry x2  
  91  9:01  Sentry, Zealot x2  
  91  9:02  Zealot x2  
  105  9:06  Probe  
  106  9:13  Probe x2  
  106  9:16  Sentry x2  
  106  9:17  Sentry  
  114  9:18  Probe  
  114  9:19  Colossus  
  121  9:29  Robotics Facility  
  121  9:45  Nexus  
  121  9:48  Zealot x5  
  131  10:04  Stalker  
  131  10:05  Stalker x2  
  131  10:06  Stalker x2  
  141  10:24  Templar Archives  
  141  10:28  Photon Cannon  
  141  10:29  Photon Cannon  
  141  10:30  Colossus (Chrono Boost)  
  141  10:35  Phoenix  
  147  10:47  Protoss Ground Weapons Level 2 (Chrono Boost)  
  147  10:49  Pylon  
  147  10:50  Pylon  
  147  10:54  Pylon  
  147  10:55  Colossus  
  147  10:56  Pylon  
  153  10:58  Photon Cannon  
  153  11:05  Probe  
  153  11:06  Stalker x4  
  153  11:07  Zealot x2  
  153  11:08  Zealot  
  168  11:15  Pylon  
  168  11:18  Pylon  
  168  11:43  Colossus  
  168  11:46  Stalker  
  176  11:47  Zealot x2  
  176  11:50  Assimilator  
  176  11:52  Assimilator  
  180  11:56  Photon Cannon  
  180  12:00  Photon Cannon  
  180  12:04  Shield Battery  
  180  12:06  Stargate x2  
  180  12:09  Stargate  
  180  12:12  Pylon  
  180  12:13  Probe x3  
  183  12:17  Warp Prism  
  185  12:23  Zealot x4  
  185  12:24  Zealot x3  
  199  12:49  Probe  
  200  13:21  Fleet Beacon  
  200  13:27  Pylon  
  144  14:04  Stalker x2  
  144  14:05  Stalker x5  
  144  14:06  Stalker  
  144  14:07  Stalker  
  144  14:08  Stalker  
  160  14:16  Tempest (Chrono Boost), Colossus x2  
  160  14:17  Tempest x2 (Chrono Boost)  
  197  15:11  Nexus  
  197  15:12  Pylon  
  199  15:14  Pylon  
  199  15:18  Assimilator  
  199  15:21  Assimilator  
Show
View Real Time Build Order
Export as new Build Order

jalo Terran 

Build Orders:  

Get SALT Encoding   

  12  0:01  SCV  
  13  0:13  SCV  
  14  0:17  Supply Depot  
  14  0:25  SCV  
  15  0:42  Barracks  
  15  0:43  SCV  
  15  0:48  Refinery  
  16  0:55  SCV  
  17  1:08  SCV  
  18  1:20  SCV  
  19  1:35  Refinery  
  19  1:36  Orbital Command  
  19  1:37  Marine  
  19  1:39  Supply Depot  
  20  2:01  Marine  
  21  2:08  Command Center  
  21  2:12  SCV  
  22  2:20  Barracks Tech Lab  
  22  2:22  Barracks  
  21  3:10  Marauder  
  21  3:12  Concussive Shells  
  23  3:13  Marine  
  24  3:20  Factory  
  24  3:22  Orbital Command  
  24  3:31  Marauder, Marine  
  27  3:43  Engineering Bay  
  27  3:50  SCV  
  27  3:54  SCV  
  29  3:59  Barracks Reactor  
  29  4:01  Marauder  
  31  4:03  Stimpack  
  31  4:05  Factory Reactor  
  31  4:26  SCV x2  
  33  4:32  Starport  
  33  4:42  SCV x2  
  35  4:46  Widow Mine x2  
  35  4:51  Terran Infantry Armor Level 1  
  35  4:52  Supply Depot  
  39  4:54  SCV  
  39  4:55  Engineering Bay  
  39  4:56  SCV  
  41  5:03  Marine  
  41  5:04  Marauder  
  41  5:06  SCV  
  42  5:39  Marauder, Marine x2  
  40  5:56  Liberator  
  46  5:58  Factory Tech Lab  
  46  6:00  Marauder, Barracks  
  48  6:05  Barracks x2  
  48  6:08  Terran Infantry Weapons Level 1  
  48  6:10  Marine  
  48  6:11  Marine  
  50  6:22  Medivac, Marauder  
  51  6:29  Siege Tank  
  54  6:38  Bunker  
  47  6:43  Marauder  
  44  6:57  Marine x2  
  44  6:58  Marine x3  
  46  7:05  Marauder  
  47  7:15  Marine x2  
  48  7:16  Marine x2  
  48  7:20  Marine  
  52  7:26  Marauder  
  54  7:30  Bunker  
  54  7:33  Bunker  
  54  7:42  Supply Depot  
  54  7:43  Supply Depot  
  54  7:54  Neosteel Armor  
  54  8:02  Armory  
  54  8:03  Marauder, Marine x3, Siege Tank  
  62  8:05  Barracks Reactor  
  62  8:12  Refinery  
  62  8:19  Refinery  
  62  8:24  Marine x4  
  62  8:25  Marauder  
  68  8:30  Supply Depot  
  68  8:36  SCV x2  
  70  8:47  Supply Depot  
  70  8:49  Supply Depot, Terran Infantry Armor Level 2  
  70  8:52  SCV x2, Marauder, Marine  
  70  8:54  Terran Vehicle And Ship Armor Level 1  
  75  9:02  Medivac  
  77  9:10  Marine x5  
  77  9:11  Marine  
  77  9:14  Marauder  
  85  9:25  SCV  
  85  9:26  SCV  
  85  9:27  Marine  
  85  9:28  Marine x2  
  90  9:34  Command Center  
  90  9:39  Marauder  
  90  9:40  Barracks Tech Lab  
  90  9:41  Marine  
  90  9:42  Marine  
  94  9:49  Terran Infantry Weapons Level 2  
  94  10:07  Viking, Marauder  
  94  10:09  Supply Depot  
  98  10:17  Supply Depot  
  98  10:31  Viking  
  98  10:34  Marine  
  98  10:35  Marine  
  102  10:47  Orbital Command  
  102  10:56  Viking  
  104  11:03  Marauder, Starport, Marine  
  107  11:05  Marine  
  107  11:06  Marine  
  109  11:24  SCV x2  
  111  11:26  SCV  
  111  11:29  Viking  
  111  11:31  Viking  
  116  11:36  SCV  
  117  11:40  Terran Vehicle And Ship Armor Level 2  
  117  11:45  Starport Tech Lab  
  117  11:55  Missile Turret  
  117  11:56  Siege Tank  
  120  12:06  Viking  
  122  12:11  SCV x2  
  124  12:18  Supply Depot  
  124  12:20  Viking  
  126  12:28  Marine x2  
  126  12:29  Marine x4  
  132  12:49  Viking x2  
  132  12:50  Viking  
  138  12:52  Marine x2  
  138  12:53  Marine  
  138  12:56  Orbital Command  
  138  12:58  Supply Depot, Marine x2  
  141  13:00  Supply Depot  
  143  13:25  Fusion Core  
  143  13:28  SCV  
  143  13:33  SCV x2  
  146  13:34  Marine x2  
  146  13:35  Marauder x2, Marine x2  
  146  13:40  SCV, Marine  
  156  13:42  Thor  
  162  13:52  Marine  
  138  13:56  Marauder  
  138  13:57  Marauder  
  77  14:11  Viking x2  
  77  14:15  Viking  
  81  14:30  Marine x3  
  81  14:31  Marauder, Marine x3  
  89  14:41  Viking x2  
  93  14:48  Marine x4  
  93  14:49  Marauder  
  101  14:53  Marauder  
  103  15:03  Starport  
Tags
 
League
GoldGold
Matchup
PvT
Replay Pack
20200422
Spawn Locations
Cross Positions
Add a new tag
Caveats
  • Supply blocks, unpowered buildings, or Contaminate may cause inaccurate times.
  • Supply counts are checked every 10 seconds.